 Dungeon Crawl Stone Soup version 0.29.1-1-gd02db6906a (webtiles) character file.

Game seed: 8320939998483987479

137 raistware the Conjurer (level 5, -1/31 HPs)
             Began as an Octopode Conjurer on Sept 20, 2022.
             Slain by a gnoll
             ... wielding a +0 whip
              (5 damage)
             ... on level 3 of the Dungeon.
             The game lasted 00:05:35 (2721 turns).

raistware the Conjurer (Octopode Conjurer)          Turns: 2721, Time: 00:05:35

Health: -1/31      AC:  1    Str:  6    XL:     5   Next: 20%
Magic:  20/20      EV: 13    Int: 22    God:
Gold:   101        SH:  0    Dex: 11    Spells: 1/12 levels left

rFire   . . .      SeeInvis .   c - staff of conjuration
rCold   . . .      Faith    .   (no shield)
rNeg    . . .      Spirit   .   (helmet restricted)
rPois   .          Reflect  .   (no amulet)
rElec   .          Harm     .   l - ring of magical power
rCorr   .          Rampage  .   (no ring)
Will    .....      NoTele   +   (no ring)
Stlth   +++.......              (no ring)
HPRegen 0.10/turn               (no ring)
MPRegen 0.17/turn               (no ring)
                                (no ring)
                                (no ring)

@: lethally poisoned (-1 -> -5), immobile, very slightly contaminated
A: almost no armour, amphibious, 8 rings, camouflage 1, gelatinous body 1,
(nimble swimmer 1), tentacles
a: no special abilities


You were on level 3 of the Dungeon.
You visited 1 branch of the dungeon, and saw 3 of its levels.

You collected 101 gold pieces.

Inventory:

Missiles
 b - 6 poisoned darts
Magical Staves
 c - a staff of conjuration (weapon)
Jewellery
 i - a ring of ice
 l - a ring of magical power (left tentacle)
Scrolls
 d - 2 scrolls of teleportation {unknown}
 e - 2 scrolls of enchant weapon {unknown}
 f - a scroll of blinking {unknown}
 g - a scroll of magic mapping {unknown}
 h - a scroll of identify {unknown}
 k - a scroll of poison {unknown}
Potions
 j - a potion of curing {unknown}


   Skills:
 - Level 2.0 Dodging
 - Level 2.6 Stealth
 - Level 4.0 Spellcasting
 - Level 4.0 Conjurations
 + Level 2.5 Translocations
 + Level 0.9 Poison Magic


You had one spell level left.
You knew the following spells:

 Your Spells              Type           Power      Damage    Failure   Level
a - Magic Dart            Conj           100%       1d8       2%          1
b - Blink                 Tloc           30%        N/A       6%          2
c - Iskenderun's Mystic   Conj/Tloc      28%        2d7       28%         4
d - Olgreb's Toxic Radia  Pois           8%         N/A       58%         4

Your spell library contained the following spells:

 Spells                   Type           Power      Damage    Failure   Level
 Sting                    Tmut/Pois      24%        1d4       10%         1
 Searing Ray              Conj           66%        2d6       3%          2
 Poisonous Vapours        Pois/Air       12%        N/A       14%         2
 Dazzling Flash           Conj/Hex       38%        N/A       14%         3
 Fulminant Prism          Conj/Hex       9%         3d7       43%         4
 Manifold Assault         Tloc           15%        N/A       73%         5
 Storm Form               Tmut/Air       2%         N/A       100%        7


Dungeon Overview and Level Annotations

Branches:
Dungeon (3/15)

Altars:
Kikubaaqudgha
Okawaru

Shops:
D:1 [


Innate Abilities, Weirdness & Mutations

You cannot wear most types of armour.
You are amphibious.
You can wear up to eight rings at the same time.
Your skin changes colour to match your surroundings (Stealth+).
Your rubbery body absorbs attacks. (AC +1, EV +1)
((You are camouflaged when in or above water. (Stealth+)))
You have tentacles for arms and can constrict up to eight enemies at once.


Message History

The mystic blast hits the gnoll but does no damage.
The mystic blast hits the gnoll!
The gnoll is severely wounded.
The gnoll is knocked back by the mystic blast.
The gnoll collides with the gnoll!
The gnoll is lightly wounded.
The gnoll is severely wounded.
You feel sick.
You hear a shout!
Unknown command.
Casting: Iskenderun's Mystic Blast (extremely dangerous; 28% risk of failure)
Confirm with . or Enter, or press ? or * to list all spells.
The spell is extremely dangerous to miscast (28% risk of failure)!
Continue anyway?
You feel a surge of power!
You miscast Iskenderun's Mystic Blast.
You are very lightly contaminated with residual magic.
Space twists in upon itself.
You are magically locked in place.
You feel sick. The gnoll hits you with a +0 whip. The gnoll misses you.
Unknown command.
Casting: Iskenderun's Mystic Blast (extremely dangerous; 28% risk of failure)
Confirm with . or Enter, or press ? or * to list all spells.
The spell is extremely dangerous to miscast (28% risk of failure)!
Continue anyway?
You feel a surge of power!
You miscast Iskenderun's Mystic Blast.
The world appears momentarily distorted.
You are magically locked in place.
You feel stable enough to blink again.
You feel sick. The gnoll hits you with a +0 whip. The adder barely misses you.
The gnoll hits you with a +0 whip.
* * * LOW HITPOINT WARNING * * *
Unknown command.
Unknown command.
Magic courses through your body.
You feel sick.
You are no longer poisoned.
The adder bites you.
* * * LOW HITPOINT WARNING * * *
You are poisoned.
The adder poisons you! The gnoll hits you with a +0 whip.
* * * LOW HITPOINT WARNING * * *
An orc comes into view. It is wielding a +0 mace.
The gnoll hits you with a +0 whip.
You die...

#.# ..... .....
####.#########..###
##..................
............<....# .
##.......)#........###..
##........#...##.......
...........#....##...#..
....#####..#....##.....o
.....# #.......@.....#
.....#####.....ggS......
.................####.##
....#####......)...#
....## #.#...##)..#.#
.....###..#..##..#.....#
.....#.....#....#...##.#
)......#....#..#.....#
....#.##.##..##..##....


You could see 2 gnolls, an adder (summoned) and an orc.

Vanquished Creatures
  Jessica (D:2)
  5 gnolls (D:3)
  2 dart slugs
  An orc (D:3)
  6 bats
  4 endoplasms
  4 giant cockroaches
  5 hobgoblins
  2 quokkas
  3 ball pythons (D:2)
  A frilled lizard (D:1)
  10 goblins
  6 kobolds
  5 rats
55 creatures vanquished.

Vanquished Creatures (others)
  5 withered plants (D:3)
5 creatures vanquished.

Grand Total: 60 creatures vanquished

Notes
Turn   | Place    | Note
-------+----------+-------------------------------------------
     0 | D:1      | raistware the Octopode Conjurer began the quest for the
                  | Orb.
     0 | D:1      | Reached XP level 1. HP: 11/11 MP: 3/3
   181 | D:1      | Reached XP level 2. HP: 5/17 MP: 0/5
   951 | D:1      | Found Plog's Armour Shop.
  1280 | D:2      | Reached XP level 3. HP: 21/21 MP: 5/7
  1303 | D:2      | Learned a level 2 spell: Blink
  1773 | D:2      | Noticed Jessica
  1776 | D:2      | Killed Jessica
  1777 | D:2      | Reached skill level 1 in Translocations
  1777 | D:2      | Reached XP level 4. HP: 27/27 MP: 4/9
  2109 | D:2      | Learned a level 4 spell: Iskenderun's Mystic Blast
  2195 | D:3      | Found an ancient bone altar of Kikubaaqudgha.
  2345 | D:3      | Found an iron altar of Okawaru.
  2498 | D:3      | Reached XP level 5. HP: 31/31 MP: 7/11
  2536 | D:3      | Learned a level 4 spell: Olgreb's Toxic Radiance
  2721 | D:3      | Slain by a gnoll

Illustrated notes

Levels and vault maps discovered:
D:1:      amcnicky_arrival_choice, layout_basic, serial_shops,
          nicolae_shop_trees, minmay_tall_x
D:2:      layout_basic, uniq_jessica
D:3:      layout_rooms, kiku_gazebo_garden_becter, zin_angel,
          okawaru_metal_pillars_1_2, basic_ecumenical_altar,
          supply_closet_lemuel, minivault_26, amcnicky_mini_corridor_feature

Skill      XL: |  1  2  3  4 |
---------------+-------------+-----
Spellcasting   | 3 4 |  4.0
Translocations | 1 2 |  2.5
Dodging        | |  2.0
Stealth        | |  2.6
Conjurations   | |  4.0
Poison Magic   | |  0.9

Action                   |  1- 3 |  4- 6 || total
-------------------------+-------+-------++-------
Melee: Unarmed           |     2 |       ||     2
       Constrict         |     2 |     2 ||     4
       Tentacles         |     2 |       ||     2
       Staff             |     4 |     4 ||     8
 Cast: Magic Dart        |    59 |    49 ||   108
       Blink             |       |     1 ||     1
       Iskenderun's Myst |       |     1 ||     1
  Use: Potion            |       |     1 ||     1
Dodge: Dodged            |     6 |     8 ||    14
